cohdb
Replays
Latest Replays
All Replays
Popular Replays
Top Player Replays
Match Explorer
How It Works
Community
CoH3 Stats
Reddit
Sign in to upload your games and track your stats! →
Sign in with Steam
Match 43242788
Unlisted
Match 43242788
Overview
Messages
Build Orders
End
Selects Armored Support Battlegroup
250 Light Carrier
Panzergrenadier Squad
Kradschützen Motorcycle Team
250 Light Carrier
Selects Superior Fire Drills
Construct Light Support Kompanie
Combat Half-tracks
Assault Grenadier Squad
Assault Grenadier Squad
Selects Salvage Kits
Assault Mechanized Group
AI Takeover
Skinned
Brojared
robwarrior
狗王
0
0
Comments
sign in to comment!
No comments posted yet!